 Dungeon Crawl Stone Soup version 0.23.2-30-g0e89c35649 (webtiles) character file.

Game seed: 14936633519124504186

10339 Atelerd the Thaumaturge (level 11, -8/67 HPs)
             Began as an Octopode Wizard on June 22, 2019.
             Was a High Priest of Sif Muna.
             Mangled by a meliai
             ... wielding a +0 broad axe
              (11 damage)
             ... on level 11 of the Dungeon.
             The game lasted 00:47:17 (14389 turns).

Atelerd the Thaumaturge (Octopode Wizard)          Turns: 14389, Time: 00:47:18

Health: -8/67      AC:  1    Str:  8    XL:     11   Next: 60%
Magic:  13/26      EV: 14    Int: 33    God:    Sif Muna [*****.]
Gold:   471        SH:  0    Dex: 10    Spells: 8/33 levels left

rFire    x . .     SeeInvis .   H - +2 dagger (protect)
rCold    + + .     Gourm    .   (no shield)
rNeg     . . .     Faith    .   a - +0 hat
rPois    .         Spirit   .   r - amulet of magic regeneration
rElec    .         Reflect  .   m - +6 ring of intelligence
rCorr    +         Harm     .   y - ring of resist corrosion
MR       .....                  C - ring of wizardry
Stlth    ++++......             D - ring of protection from cold
HPRegen  0.21/turn              J - +4 ring of intelligence
MPRegen  0.45/turn              P - ring of ice
                                (no ring)
                                (no ring)

@: about to teleport
A: almost no armour, stealthy swim, amphibious, 8 rings, constrict 8, camouflage
1, gelatinous body 1
a: Divine Energy, Channel Magic, Forget Spell, Renounce Religion


You were on level 11 of the Dungeon.
You worshipped Sif Muna.
Sif Muna was extremely pleased with you.
You were not hungry.

You visited 1 branch of the dungeon, and saw 11 of its levels.
You also visited: Ossuary.

You collected 471 gold pieces.

Inventory:

Hand Weapons
 f - a +0 mace
 i - a +0 dagger
 n - a +3 short sword of holy wrath
 H - a +2 dagger of protection (weapon)
 I - a +2 dagger of venom
 K - a +5 halberd of freezing
 L - a +3 scimitar of flaming
Missiles
 l - 2 throwing nets (quivered)
Armour
 a - a +0 hat (worn)
 R - the +3 hat of Pondering {ponderous, MR+ MP+10 Int+5}
   (You took it off Gastronok on level 10 of the Dungeon)

   It affects your intelligence (+5).
   It affects your resistance to hostile enchantments.
   It affects your magic capacity (+10).
Magical Staves
 E - an uncursed staff of summoning
 G - an uncursed staff of wizardry
Jewellery
 m - a +6 ring of intelligence (left tentacle)
 r - an amulet of magic regeneration (around mantle)
 y - a ring of resist corrosion (right tentacle)
 C - a ring of wizardry (on tentacle)
 D - a ring of protection from cold (on tentacle)
 J - a +4 ring of intelligence (on tentacle)
 P - a ring of ice (on tentacle)
Wands
 u - a wand of disintegration (14)
 N - a wand of iceblast (11)
Scrolls
 d - 4 scrolls of amnesia
 g - 4 scrolls of remove curse
 h - 6 scrolls of teleportation
 k - a scroll of magic mapping
 o - 2 scrolls of blinking
 s - a scroll of random uselessness
 v - a scroll of immolation
 w - 3 scrolls of fear {unknown}
 B - 4 scrolls of enchant armour
 F - a scroll of noise {unknown}
Potions
 b - a potion of ambrosia
 e - a potion of mutation
 j - 4 potions of curing
 p - 5 potions of heal wounds
 q - 3 potions of might
 t - a potion of lignification
 x - a potion of degeneration
 z - a potion of invisibility {unknown}
 A - a potion of agility {unknown}
 M - a potion of flight {unknown}
 Q - 2 potions of resistance
Miscellaneous
 O - a fan of gales
Comestibles
 c - 17 rations


   Skills:
 + Level 3.1 Fighting
 + Level 2.1 Short Blades
 + Level 3.1 Dodging
 + Level 6.1 Stealth
 * Level 11.5 Spellcasting
 + Level 10.0 Conjurations
 * Level 2.3 Summonings
 - Level 1.0 Translocations
 + Level 2.1 Air Magic
 + Level 5.0 Invocations


You had 8 spell levels left.
You knew the following spells:

 Your Spells              Type           Power        Failure   Level  Hunger
a - Magic Dart            Conj           ####         1%          1    None
b - Mephitic Cloud        Conj/Pois/Air  #####...     1%          3    None
c - Blink                 Tloc           N/A          1%          2    None
d - Call Imp              Summ           ####....     1%          2    None
e - Conjure Flame         Conj/Fire      ######..     1%          3    None
f - Summon Butterflies    Summ           ####....     1%          1    None
g - Fireball              Conj/Fire      ######....   3%          5    #......
h - Inner Flame           Hex/Fire       ###.....     3%          3    None
i - Summon Demon          Summ           ####......   11%         5    #......

Your spell library contained the following spells:

 Spells                   Type           Power        Failure   Level  Hunger
 Flame Tongue             Conj/Fire      #####        1%          1    None
 Slow                     Hex            ###.....     1%          2    None
 Throw Flame              Conj/Fire      ######       1%          2    None
 Summon Guardian Golem    Hex/Summ       ####....     1%          3    None
 Sticky Flame             Conj/Fire      ######..     1%          4    None
 Petrify                  Tmut/Erth      ###.....     10%         4    None
 Lee's Rapid Deconstruct  Erth           ###.......   26%         5    #......


Dungeon Overview and Level Annotations

Branches:
Dungeon (11/15)            Temple (0/1) D:5             Orc (0/2) D:9
   Lair: D:8-11

Altars:
Elyvilon
Kikubaaqudgha
Makhleb
Nemelex Xobeh
Qazlal
Ru
Sif Muna
Uskayaw
Wu Jian
The Shining One

Shops:
D:5 [   D:6 [

Annotations:
D:4 exclusion: downstairs
D:6 exclusion: downstairs


Innate Abilities, Weirdness & Mutations

You cannot wear most types of armour.
You are very stealthy in the water. (Stealth+)
You are amphibious.
You can wear up to eight rings at the same time.
You can use your tentacles to constrict eight enemies at once.
Your skin changes colour to match your surroundings (Stealth+).
Your rubbery body absorbs attacks. (AC +1, EV +1)


Message History

The meliai invokes the aid of its god against you.
Something smites you!
You hear a shout!
The bullfrog seems less confused.
A meliai comes into view. It is wielding a +0 hand axe of venom.
The meliai mumbles some strange prayers to its god against you.
Something smites you!
The meliai invokes the aid of its god against you.
Something smites you!
A meliai comes into view. It is wielding a +0 hand axe.
The meliai buzzes angrily.
As you read the scroll of teleportation, it crumbles to dust.
You feel strangely unstable.
The meliai invokes the aid of its god against you.
Something smites you!
* * * LOW HITPOINT WARNING * * *
The orc warrior hits you with a +0 war axe!
* * * LOW HITPOINT WARNING * * *
The meliai hits you with a +0 broad axe!
You die...

### ..# ### #.# ##.### #.#
#(...# ### ...## ##
#.###..#.##.<. #
#......###F##...#...... #.
..#.....@o...y..........
#.######.##.####y#..#.#........
#........##.##...(..oy.........
#...<...........####.#y.)...#
#...............# #.##...).
#.####.......##.# #.##..### #
#..#<...##.## #...))..#
#...##.#####..####o)###...
#...#..# ##....#.## ..


You could see an orc warrior, 3 meliai, a bullfrog and an orc priest.

Vanquished Creatures
  Gastronok (D:10)
  Erica (D:8)
  2 two-headed ogres
  An ugly thing (D:10)
  A kobold demonologist (D:9)
  The ghost of voshxx the Chopper, a novice GrFi (D:5)
  A troll (D:4)
  Prince Ribbit (D:7)
  A hornet (D:9)
  Sigmund (D:2)
  A spriggan (D:9)
  A steam dragon (D:7)
  6 orc warriors
  6 ice beasts
  A black bear (D:8)
  3 sky beasts
  A necrophage (D:7)
  3 phantoms
  2 ogres
  2 centaurs
  2 elf zombies (Ossuary)
  2 crocodiles
  A big kobold (D:8)
  2 bullfrogs
  A wyvern zombie (D:9)
  13 wights
  An electric eel (D:7)
  3 howler monkeys
  4 centaur zombies
  3 crimson imps
  A bullfrog zombie (D:10)
  A human zombie (Ossuary)
  6 hounds
  8 orc priests
  4 jellies
  4 iguanas
  14 orc wizards
  10 worker ants
  A killer bee zombie (D:5)
  A big kobold zombie (Ossuary)
  A hound skeleton (D:4)
  2 mummies (Ossuary)
  12 adders
  4 gnolls (D:3)
  An ooze (D:1)
  3 adder zombies
  An adder skeleton (D:5)
  6 worms
  6 dart slugs
  8 leopard geckos
  45 orcs
  8 giant cockroaches
  7 goblins
  4 hobgoblins
  11 jackals
  16 kobolds
  7 quokkas
  5 bats
  13 frilled lizards
  8 hobgoblin zombies (Ossuary)
  10 kobold zombies (Ossuary)
  A leopard gecko skeleton (D:6)
  9 orc zombies (Ossuary)
  A quokka skeleton (D:8)
  8 rats
  3 rat zombies (Ossuary)
319 creatures vanquished.

Vanquished Creatures (collateral kills)
  An orc warrior (D:6)
  A quasit (D:10)
  A hound (D:6)
  An adder (D:5)
  A shadow imp (D:10)
  A jackal (D:10)
  A giant cockroach zombie (D:5)
7 creatures vanquished.

Vanquished Creatures (others)
  A plant (D:11)
1 creature vanquished.

Grand Total: 327 creatures vanquished

Notes
Turn   | Place    | Note
-------+----------+-------------------------------------------
     0 | D:1      | Atelerd the Octopode Wizard began the quest for the Orb.
     0 | D:1      | Reached XP level 1. HP: 11/11 MP: 4/4
   179 | D:1      | Reached XP level 2. HP: 18/18 MP: 1/6
   379 | D:1      | Reached skill level 1 in Fighting
   615 | D:1      | Reached XP level 3. HP: 22/23 MP: 3/7
   627 | D:1      | Learned a level 3 spell: Mephitic Cloud
   630 | D:1      | Learned a level 2 spell: Blink
   633 | D:1      | Learned a level 2 spell: Call Imp
   972 | D:2      | Noticed Sigmund
   985 | D:2      | Killed Sigmund
   985 | D:2      | Reached skill level 4 in Spellcasting
   985 | D:2      | Reached XP level 4. HP: 14/28 MP: 5/10
   985 | D:2      | Reached XP level 5. HP: 17/33 MP: 5/11
  1463 | D:2      | Found a sparkling altar of Nemelex Xobeh.
  1862 | D:3      | Reached XP level 6. HP: 38/38 MP: 3/12
  1874 | D:3      | Learned a level 3 spell: Conjure Flame
  3003 | D:4      | Reached skill level 5 in Conjurations
  3015 | D:4      | Noticed a troll
  3130 | D:4      | Reached XP level 7. HP: 39/45 MP: 9/13
  3526 | D:4      | Killed a troll
  3526 | D:4      | Reached skill level 5 in Spellcasting
  4059 | D:5      | Entered Level 5 of the Dungeon
  4162 | D:5      | Found a deep blue altar of Sif Muna.
  4172 | D:5      | Became a worshipper of Sif Muna the Loreminder
  4193 | D:5      | Found a staircase to the Ecumenical Temple.
  4272 | D:5      | Found Xoicerus's Armour Emporium.
  4588 | D:5      | Reached XP level 8. HP: 27/50 MP: 16/16
  4761 | D:5      | Reached skill level 1 in Invocations
  5149 | D:6      | Found a sand-covered staircase.
  5153 | Ossuary  | Entered an ossuary
  5475 | Ossuary  | Reached * piety under Sif Muna
  5485 | Ossuary  | Reached skill level 6 in Spellcasting
  6234 | D:6      | Reached skill level 7 in Spellcasting
  6388 | D:6      | Reached XP level 9. HP: 54/54 MP: 14/19
  6482 | D:6      | Found Zasoluof's Armour Emporium.
  6568 | D:6      | Reached ** piety under Sif Muna
  7239 | D:5      | Found a runed translucent door.
  7363 | D:5      | Found a sacrificial altar of Ru.
  7430 | D:5      | Identified Sif Muna's Grimoire of Companions
  7434 | D:5      | Learned a level 1 spell: Summon Butterflies
  7499 | D:5      | Noticed voshxx's ghost (novice GrFi)
  7768 | D:5      | Killed voshxx's ghost
  7768 | D:5      | Reached skill level 8 in Spellcasting
  8688 | D:7      | Reached *** piety under Sif Muna
  8688 | D:7      | Reached skill level 9 in Spellcasting
  9040 | D:7      | Noticed Prince Ribbit
  9299 | D:7      | Killed Prince Ribbit
  9299 | D:7      | Reached XP level 10. HP: 60/60 MP: 15/23
 10183 | D:8      | Noticed a two-headed ogre
 10440 | D:8      | Reached skill level 10 in Spellcasting
 10800 | D:8      | Reached **** piety under Sif Muna
 10991 | D:8      | Noticed Erica
 11074 | D:8      | Killed a two-headed ogre
 11411 | D:8      | Killed Erica
 11411 | D:8      | Reached skill level 11 in Spellcasting
 11809 | D:9      | Found a sacrificial altar of Ru.
 11943 | D:9      | Found a staircase to the Orcish Mines.
 11965 | D:9      | Reached skill level 5 in Stealth
 11982 | D:9      | Reached XP level 11. HP: 29/64 MP: 10/26
 12015 | D:9      | Reached ***** piety under Sif Muna
 12690 | D:9      | Reached skill level 1 in Short Blades
 12690 | D:9      | Reached skill level 1 in Air Magic
 12744 | D:9      | Found a white marble altar of Elyvilon.
 12745 | D:9      | Found a burning altar of Makhleb.
 12745 | D:9      | Found a hide-covered altar of Uskayaw.
 12745 | D:9      | Found a glowing golden altar of the Shining One.
 12746 | D:9      | Found a stormy altar of Qazlal.
 12748 | D:9      | Found an ancient bone altar of Kikubaaqudgha.
 12751 | D:9      | Found an ornate altar of the Wu Jian Council.
 13034 | D:10     | Entered Level 10 of the Dungeon
 13555 | D:10     | Noticed a two-headed ogre
 13582 | D:10     | Killed a two-headed ogre
 13726 | D:10     | Identified Ruequrgh's Collected Works on Earthen Calling
                  | (Sif Muna gifted it to you on level 10 of the Dungeon)
 13726 | D:10     | Received a gift from Sif Muna
 13734 | D:10     | Learned a level 5 spell: Fireball
 13738 | D:10     | Learned a level 3 spell: Inner Flame
 13744 | D:10     | Learned a level 5 spell: Summon Demon
 13992 | D:10     | Noticed a purple ugly thing
 14008 | D:10     | Killed a purple ugly thing
 14008 | D:10     | Reached skill level 10 in Conjurations
 14150 | D:10     | Noticed Gastronok
 14192 | D:10     | Killed Gastronok
 14373 | D:11     | Reached skill level 5 in Invocations
 14389 | D:11     | HP: 3/67 [orc warrior/+0 war axe (15)]
 14389 | D:11     | Mangled by a meliai

Skill      XL: |  1  2  3  4  5  6  7  8  9 10 11 |
---------------+----------------------------------+-----
Conjurations   | 2 4 5 6 8 9 10 | 10.0
Fighting       | 1 2 3 |  3.1
Spellcasting   | 4 5 7 9 11 | 11.5
Stealth        | 3 4 5 6 |  6.1
Invocations    | 3 4 5 |  5.0
Short Blades   | 2 |  2.1
Air Magic      | 2 |  2.1
Dodging        | 3 |  3.1
Summonings     | 2 |  2.3
Translocations | |  1.0

Action                   |  1- 3 |  4- 6 |  7- 9 | 10-12 || total
-------------------------+-------+-------+-------+-------++-------
Melee: Unarmed           |     4 |       |       |       ||     4
       Constrict         |    15 |    20 |    49 |    33 ||   117
       Tentacles         |     8 |     8 |    31 |    18 ||    65
       Mace              |    37 |    14 |       |       ||    51
       Short sword       |       |    70 |   228 |    26 ||   324
       Dagger            |       |       |       |   103 ||   103
 Cast: Magic Dart        |    27 |    59 |   251 |   374 ||   711
       Mephitic Cloud    |     1 |     8 |    29 |    43 ||    81
       Blink             |       |     2 |    28 |    19 ||    49
       Call Imp          |       |       |    20 |    11 ||    31
       Conjure Flame     |       |       |    25 |    38 ||    63
       Fireball          |       |       |       |     5 ||     5
       Summon Demon      |       |       |       |     1 ||     1
       Inner Flame       |       |       |       |     1 ||     1
  Use: Scroll            |       |       |    11 |     8 ||    19
 Stab: Sleeping          |     6 |     7 |    12 |     2 ||    27
       Confused          |       |     2 |     6 |     4 ||    12
  Eat: Chunk             |       |     5 |    12 |    12 ||    29
       Ration            |       |     1 |     2 |     1 ||     4
Armor: Skin              |     5 |     1 |    12 |    27 ||    45
Dodge: Dodged            |    34 |    62 |   167 |   118 ||   381
